 Dungeon Crawl Stone Soup version 0.23.1 (webtiles) character file.

Game seed: 4883452192647708037

750 kali666 the Slasher (level 8, -9/61 HPs)
             Began as a Human Chaos Knight on Mar 18, 2019.
             Was a Plaything of Xom.
             Mangled by a jiangshi (23 damage)
             ... led by a vampire mage
             ... on level 3 of the Abyss.
             The game lasted 00:24:41 (4290 turns).

kali666 the Slasher (Human Chaos Knight)            Turns: 4290, Time: 00:24:42

Health: -9/61      AC:  7    Str: 13    XL:     8   Next: 6%
Magic:  8/8        EV: 13    Int: 13    God:    Xom [...*..]
Gold:   177        SH:  0    Dex: 14    Spells: 7/7 levels left

rFire    + + .     SeeInvis .   d - +4 whip (flame)
rCold    . . .     Gourm    .   (no shield)
rNeg     . . .     Faith    .   b - +3 leather armour
rPois    .         Spirit   .   (no helmet)
rElec    .         Reflect  .   l - +0 cloak
rCorr    .         Harm     .   (no gloves)
MR       .....                  (no boots)
Stlth    ++........             (no amulet)
HPRegen  0.20/turn              m - ring of protection from fire
MPRegen  0.11/turn              h - ring of protection from fire

@: no status effects
A: no striking features
a: Renounce Religion


You were on level 3 of the Abyss.
You worshipped Xom.
You were a favourite toy of Xom.
You were very hungry.

You visited 1 branch of the dungeon, and saw 4 of its levels.
You visited the Abyss 1 time.

You collected 177 gold pieces.

Inventory:

Hand Weapons
 a - a +0 falchion of chaos
 d - a +4 whip of flaming (weapon)
Armour
 b - a +3 leather armour (worn)
 l - a +0 cloak (worn)
Jewellery
 h - a ring of protection from fire (right hand)
 m - a ring of protection from fire (left hand)
Wands
 f - a wand of flame (12)
Scrolls
 e - a scroll of blinking
 i - a scroll of fear
 j - 4 scrolls of remove curse
Potions
 g - a potion of curing
 k - 2 potions of mutation {unknown}
 n - a potion of cancellation {unknown}
Comestibles
 c - 5 rations


   Skills:
 * Level 4.4 Fighting
 - Level 4.6 Long Blades
 * Level 3.9 Maces & Flails
 * Level 3.9 Armour
 * Level 2.9 Dodging
 * Level 2.6 Stealth


You had 7 spell levels left.
You didn't know any spells.
Your spell library was empty.

Dungeon Overview and Level Annotations

Branches:
Dungeon (4/15)             Temple (0/1) D:4

Altars:
Ashenzari
Dithmenos
Fedhas
Trog
Vehumet
Xom
Yredelemnul
The Shining One


Message History

There is a corrupted altar of Lugonu here.
There is a corrupted altar of Lugonu here.
You kneel at the altar of Lugonu.
A jiangshi comes into view.
The jiangshi closely misses you. The jiangshi claws you!
The jiangshi draws strength from your injuries!
You see here 27 gold pieces.
You hit the jiangshi. You burn the jiangshi.
The jiangshi is lightly damaged.
The jiangshi claws you!!
The jiangshi draws strength from your injuries!
The jiangshi claws you!
* * * LOW HITPOINT WARNING * * *
The jiangshi draws strength from your injuries!
The jiangshi completely misses you. The jiangshi misses you.
Xom adds some personal touches to your environment.
A jiangshi comes into view.
The jiangshi misses you. The jiangshi claws you!!
You die...
Xom chortles!

.............#.##
. .. ...#...#...#
# .# .#...#.##
#####..##.. #.
#.$..._.#...#
#..V..#..#.#
##.....###..
#.#.V#..##.#.
####.@#.. ..
####.#. #


You could see 2 jiangshi.

Vanquished Creatures
  A slave (D:4)
  An orc priest (D:4)
  An orc wizard (D:4)
  Jessica (D:2)
  2 worker ants
  8 adders
  2 oozes
  An adder skeleton (D:4)
  A worm (D:2)
  3 dart slugs
  2 leopard geckos
  7 orcs
  6 giant cockroaches
  11 goblins
  6 hobgoblins
  5 jackals
  13 kobolds
  2 quokkas
  A ball python (D:1)
  11 bats
  9 frilled lizards
  12 rats
106 creatures vanquished.

Vanquished Creatures (collateral kills)
  Pikel (D:4)
  A frilled lizard (D:4)
2 creatures vanquished.

Grand Total: 108 creatures vanquished

Notes
Turn   | Place    | Note
-------+----------+-------------------------------------------
     0 | D:1      | kali666 the Human Chaos Knight began the quest for the Orb.
     0 | D:1      | Reached XP level 1. HP: 18/18 MP: 1/1
    44 | D:1      | Reached XP level 2. HP: 22/24 MP: 2/2
   157 | D:1      | XOM: potion effect (might)
   161 | D:1      | Reached XP level 3. HP: 9/29 MP: 3/3
   798 | D:1      | XOM: divination: detect creatures
  1138 | D:2      | Reached XP level 4. HP: 27/35 MP: 4/4
  1215 | D:2      | Noticed Jessica
  1218 | D:2      | XOM: harmless Tmut miscast
  1223 | D:2      | XOM: confuse monster(s)
  1224 | D:2      | Killed Jessica
  1290 | D:2      | Reached XP level 5. HP: 41/41 MP: 5/5
  1300 | D:2      | Found a blossoming altar of Fedhas.
  1517 | D:2      | XOM: silly message
  1534 | D:2      | Reached skill level 1 in Stealth
  2115 | D:3      | Found a radiant altar of Vehumet.
  2416 | D:3      | Reached XP level 6. HP: 37/48 MP: 6/6
  2420 | D:3      | XOM: swap monsters
  2516 | D:3      | Found a glowing golden altar of the Shining One.
  2639 | D:3      | XOM: medium Necr miscast
  3085 | D:3      | XOM: harmless Hex miscast
  3148 | D:4      | Found a basalt altar of Yredelemnul.
  3157 | D:4      | XOM: scenery: create altars
  3170 | D:4      | Found a staircase to the Ecumenical Temple.
  3285 | D:4      | Reached skill level 1 in Maces & Flails
  3286 | D:4      | XOM: scenery: create altars
  3321 | D:4      | Found a shattered altar of Ashenzari.
  3385 | D:4      | Found a bloodstained altar of Trog.
  3416 | D:4      | Noticed a slave
  3416 | D:4      | Noticed Pikel
  3425 | D:4      | Killed a slave
  3435 | D:4      | XOM: confuse monster(s)
  3436 | D:4      | XOM: potion effect (might)
  3437 | D:4      | Noticed a slave
  3438 | D:4      | XOM: noise
  3442 | D:4      | XOM: potion effect (curing)
  3467 | D:4      | Killed Pikel
  3467 | D:4      | Reached XP level 7. HP: 8/54 MP: 7/7
  3763 | D:4      | Found a shadowy altar of Dithmenos.
  3771 | D:4      | XOM: 4-stop teleportation journey
  3781 | D:4      | XOM: 7-stop teleportation journey
  3787 | D:4      | XOM: harmless Necr miscast
  3956 | D:4      | XOM: enchant monster (good)
  3962 | D:4      | Reached XP level 8. HP: 33/61 MP: 8/8
  4017 | D:4      | XOM: harmless Tmut miscast
  4264 | D:4      | XOM: medium Tloc miscast
  4264 | D:4      | Cast into level 3 of the Abyss (the severe capriciousness
                  | of Xom)
  4264 | Abyss:3  | Found a corrupted altar of Lugonu.
  4280 | Abyss:3  | Noticed a jiangshi
  4287 | Abyss:3  | XOM: scenery: create altars
  4289 | Abyss:3  | Noticed a jiangshi
  4290 | Abyss:3  | Mangled by a jiangshi

Skill      XL: |  1  2  3  4  5  6 |
---------------+-------------------+-----
Long Blades    | 4 |  4.6
Stealth        | 1 2 |  2.6
Dodging        | 2 |  2.9
Maces & Flails | 3 |  3.9
Fighting       | 4 |  4.4
Armour         | 3 |  3.9

Action                   |  1- 3 |  4- 6 |  7- 9 || total
-------------------------+-------+-------+-------++-------
Melee: Falchion          |    87 |    77 |       ||   164
       Whip              |       |    97 |    29 ||   126
  Use: Potion            |     2 |       |       ||     2
       Scroll            |       |     8 |       ||     8
 Stab: Petrified         |     2 |       |       ||     2
       Paralysed         |     1 |     2 |       ||     3
       Sleeping          |       |     2 |     1 ||     3
  Eat: Ration            |     1 |     1 |       ||     2
       Chunk             |       |     3 |       ||     3
Armor: Leather armour    |    41 |    26 |     7 ||    74
       Scale mail        |       |    30 |       ||    30
Dodge: Dodged            |    79 |    96 |    26 ||   201
       Rpst.: Falchion   |    19 |    17 |       ||    36
